 Dungeon Crawl Stone Soup version 0.20.1-1-g8b1a95d (webtiles) character file.

144 Catnap the Cutter (level 5, -1/34 HPs)
             Began as a Kobold Abyssal Knight on July 18, 2017.
             Was a Believer of Lugonu.
             Killed by nerve-wracking pain
             ... invoked by a shadow imp
              (12 damage)
             ... on level 2 of the Dungeon.
             The game lasted 00:17:52 (3162 turns).

Catnap the Cutter (Kobold Abyssal Knight)           Turns: 3162, Time: 00:17:53

Health: -1/34      AC:  3    Str:  9    XL:     5   Next: 51%
Magic:  6/6        EV: 15    Int: 14    God:    Lugonu [**....]
Gold:   98         SH:  0    Dex: 15    Spells: 4/4 levels left

rFire    . . .     SeeInvis .   a - +1 short sword
rCold    . . .     Gourm    .   (shield restricted)
rNeg     . . .     Faith    .   b - +0 leather armour
rPois    .         Spirit   .   (no helmet)
rElec    .         Reflect  .   (no cloak)
rCorr    .         Harm     .   (no gloves)
MR       .....                  (no boots)
Stlth    ++........             (no amulet)
Regen    0.2/turn               (no ring)
MPRegen  0.1/turn               (no ring)

@: no status effects
A: carnivore 3
a: Depart the Abyss, Bend Space, Renounce Religion


You were on level 2 of the Dungeon.
You worshipped Lugonu.
Lugonu was pleased with you.
You were completely stuffed.

You visited 1 branch of the dungeon, and saw 3 of its levels.
You visited the Abyss 1 time.

You collected 98 gold pieces.

Inventory:

Hand Weapons
 a - a +1 short sword (weapon)
Missiles
 l - 4 curare-tipped needles
Armour
 b - a +0 leather armour (worn)
Jewellery
 f - an uncursed ring of protection from cold {unknown}
Scrolls
 g - a scroll of amnesia {unknown}
 j - a scroll of magic mapping {unknown}
 k - a scroll of enchant weapon {unknown}
 m - a scroll of random uselessness {unknown}
 n - a scroll of recharging {unknown}
 o - a scroll of identify {unknown}
 p - a scroll of teleportation {unknown}
 r - a scroll of immolation {unknown}
Potions
 h - a potion of haste {unknown}
 i - a potion of berserk rage {unknown}
Comestibles
 c - a meat ration
 d - 2 royal jellies
 q - 4 chunks of flesh


   Skills:
 + Level 4.3 Fighting
 + Level 4.6 Short Blades
 + Level 1.5 Armour
 + Level 3.1 Dodging
 + Level 1.7 Stealth
 + Level 2.1 Invocations


You had 4 spell levels left.
You didn't know any spells.

Dungeon Overview and Level Annotations

Branches:
Dungeon (3/15)

Altars:
Xom


Innate Abilities, Weirdness & Mutations

You are small and have problems with some larger weapons.
You are carnivorous and can eat meat at any time.


Message History

The shadow imp is heavily wounded.
The shadow imp closely misses you.
You hit the shadow imp.
The shadow imp is severely wounded.
The shadow imp hits you.
* * * LOW HITPOINT WARNING * * *
You hit the shadow imp but do no damage.
The shadow imp is severely wounded.
The shadow imp closely misses you.
You hit the shadow imp.
The shadow imp is almost dead.
The shadow imp shouts, "Take thy face hence, thou jarring motley-minded prigger-of-prances!"
The shadow imp hits you.
* * * LOW HITPOINT WARNING * * *
It was a potion of curing.
You feel better. The shadow imp barely misses you.
You hit the shadow imp.
The shadow imp is almost dead.
The shadow imp gestures at you. Pain shoots through your body!
You die...

#.# #.# #.........#.# #.# #.#
#........<#.# #.# #.#
#.........#.# #.#
#.#######)#........)###### #.#
#.......)>................ #.#
#########.#.#.......###### #.#
#.).#g..............÷.
#.#######.#.#5#.#.####.#######
#.......÷.#..@#.#......#
###############.##############
#.....#....w........
#.##..........######
#.##..........# #
#.##..........# #
#.##..........# #
#.##....[.....# #
#..'..........# #


You could see a shadow imp and a goblin.

Vanquished Creatures
  An orc priest (D:2)
  2 adders (D:2)
  3 oozes (D:1)
  2 worms (D:2)
  2 dart slugs (D:1)
  2 leopard geckos
  4 orcs (D:2)
  3 ball pythons (D:2)
  4 giant cockroaches
  8 goblins
  5 hobgoblins (D:2)
  8 jackals (D:2)
  2 quokkas (D:2)
  7 bats
  A frilled lizard (D:2)
  6 kobolds
  2 rats (D:1)
62 creatures vanquished.

Notes
Turn   | Place    | Note
-------+----------+-------------------------------------------
     0 | Abyss:1  | Catnap the Kobold Abyssal Knight began the quest for the Orb.
     0 | Abyss:1  | Reached XP level 1. HP: 14/14 MP: 2/2
    27 | D:1      | Escaped the Abyss
   125 | D:1      | Reached XP level 2. HP: 16/19 MP: 3/3
   795 | D:1      | Reached XP level 3. HP: 9/24 MP: 4/4
   799 | D:1      | Reached * piety under Lugonu
  1266 | D:2      | Reached skill level 1 in Armour
  1367 | D:2      | Found a hazy altar of Hepliaklqana.
  1369 | D:2      | Found a shimmering altar of Xom.
  1369 | D:2      | Found an opulent altar of Gozag.
  1371 | D:2      | Found a shattered altar of Ashenzari.
  1371 | D:2      | Found a stormy altar of Qazlal.
  1371 | D:2      | Found a shimmering altar of Xom.
  1385 | D:2      | Reached XP level 4. HP: 23/29 MP: 5/5
  1734 | D:2      | Reached skill level 1 in Stealth
  2618 | D:2      | Reached XP level 5. HP: 32/33 MP: 6/6
  2934 | D:2      | Reached ** piety under Lugonu
  3162 | D:2      | Killed from afar by a shadow imp

Skill      XL: |  1  2  3  4  5 |
---------------+----------------+-----
Short Blades   | 3 4 |  4.6
Fighting       | 4 |  4.3
Armour         | 1 |  1.5
Stealth        | 1 |  1.7
Dodging        | 3 |  3.1
Invocations    | |  2.1

Action                   |  1- 3 |  4- 6 || total
-------------------------+-------+-------++-------
Melee: Short sword       |   115 |   177 ||   292
Invok: Depart the Abyss  |     1 |       ||     1
  Use: Potion            |       |     1 ||     1
 Stab: Distracted        |     1 |       ||     1
       Sleeping          |       |     1 ||     1
  Eat: Chunk             |    10 |     6 ||    16
Armor: Leather armour    |    21 |    25 ||    46
Dodge: Dodged            |    86 |   145 ||   231
